 Dungeon Crawl Stone Soup version 0.30-a0-800-g7c544603b3 (webtiles) character file.

Game seed: 16834967989466942663

41 BubbleThief the Stinger (level 3, -2/28 HPs)
             Began as a Naga Venom Mage on Feb 22, 2023.
             Slain by an orc
             ... wielding a +0 hand axe
              (7 damage)
             ... on level 2 of the Dungeon.
             The game lasted 00:02:12 (917 turns).

BubbleThief the Stinger (Naga Venom Mage)            Turns: 917, Time: 00:02:12

Health: -2/28      AC:  2    Str: 10    XL:     3   Next: 52%
Magic:  3/6        EV: 10    Int: 15    God:
Gold:   43         SH:  0    Dex: 13    Spells: 3/7 levels left

rFire   . . .      SeeInvis +    e - +1 dagger (drain)
rCold   . . .      Faith    .    (no shield)
rNeg    . . .      Spirit   .    a - +0 robe
rPois   +          Reflect  .    (no helmet)
rElec   .          Harm     .    (no cloak)
rCorr   .          Rampage  .    (no gloves)
Will    .....                    (no barding)
Stlth   ++                       (no amulet)
HPRegen 0.24/turn                (no ring)
MPRegen 0.10/turn                (no ring)

@: short of breath, very slow
A: AC +1, large, see invisible, deformed body, poison resistance, slowness 2,
spit poison 1, naga tail 1
a: Spit Poison


You were on level 2 of the Dungeon.
You visited 1 branch of the dungeon, and saw 2 of its levels.

You collected 43 gold pieces.

Inventory:

Hand Weapons
 e - a +1 dagger of draining (weapon)
Armour
 a - a +0 robe (worn)
Scrolls
 c - a scroll of fear {unknown}
 d - a scroll of enchant weapon {unknown}
 g - a scroll of teleportation {unknown}
 h - a scroll of immolation {unknown}
 i - a scroll of poison {unknown}
Potions
 b - a potion of magic
 f - 2 potions of heal wounds {unknown}


   Skills:
 - Level 1.5 Dodging
 - Level 3.0 Stealth
 + Level 2.5 Spellcasting
 - Level 1.0 Transmutations
 * Level 5.4 Poison Magic


You had 3 spell levels left.
You knew the following spells:

 Your Spells              Type           Power      Damage    Failure   Level
a - Sting                 Tmut/Pois      44%        1d5       5%          1
b - Mephitic Cloud        Conj/Pois/Air  7%         N/A       30%         3

Your spell library contained the following spells:

 Spells                   Type           Power      Damage    Failure   Level
 Poisonous Vapours        Pois/Air       20%        N/A       11%         2
 Olgreb's Toxic Radiance  Pois           18%        N/A       22%         4


Dungeon Overview and Level Annotations

Branches:
Dungeon (2/15)

Altars:


Innate Abilities, Weirdness & Mutations

Your serpentine skin is tough. (AC +1)
You have supernaturally acute eyesight. (SInv)
Armour fits poorly on your strangely shaped body.
Your system is resistant to poisons. (rPois)
You cover ground very slowly.
You can spit poison.
You have a snake-like lower body.


Message History

Press: ? - help, Q - select action, (/) - cycle Shift-Dir - straight line, f/p - orc
Aim: an orc, wielding a +0 club (almost dead, poisoned, 71% to hit)
The sting misses the orc.
The orc shouts!
You hear a shout!
An orc priest comes into view. It is wielding a +0 trident.
An orc comes into view. It is wielding a +0 flail.
An orc priest comes into view. It is wielding a +0 club.
You have got your breath back.
You kill the orc!
Aiming: Spit Poison (2% risk of failure)
Press: ? - help, Shift-Dir - straight line, f - orc
Aim: an orc, wielding a +0 war axe and wearing a +0 chain mail (70% to hit)
The splash of poison misses the orc.
Aiming: Sting (safe; 6% risk of failure)
Press: ? - help, Q - select action, (/) - cycle Shift-Dir - straight line, f/p - orc
Aim: an orc, wielding a +0 war axe and wearing a +0 chain mail (79% to hit)
The sting misses the orc.
The orc hits you with a +0 war axe.
Aiming: Sting (safe; 6% risk of failure)
Press: ? - help, Q - select action, (/) - cycle Shift-Dir - straight line, f/p - orc
Aim: an orc, wielding a +0 war axe and wearing a +0 chain mail (79% to hit)
The sting hits the orc.
The orc is poisoned.
The orc is heavily wounded.
The orc hits you with a +0 war axe! The orc attacks as you move away!
The orc hits you with a +0 war axe!
* * * LOW HITPOINT WARNING * * *
You have got your breath back.
You kill the orc!
There is a stone staircase leading up here.
Aiming: Spit Poison (2% risk of failure)
Press: ? - help, Shift-Dir - straight line, f - orc
Aim: an orc, wielding a +0 hand axe (59% to hit)
The splash of poison misses the orc.
The orc misses you.
Aiming: Sting (safe; 5% risk of failure)
Press: ? - help, Q - select action, (/) - cycle Shift-Dir - straight line, f/p - orc
Aim: an orc, wielding a +0 hand axe (71% to hit)
The sting hits the orc.
The orc is poisoned.
The orc is almost dead.
The orc hits you with a +0 hand axe!
You die...

#.# ###.#.# .....#
#.#.# ....#
#.#.########.
#.#..........
.#####.#..########
.......@o)########
......###.........
######. #.########
.......###.#
8...8..#...#
.......o.###
.o......##
o.......#
8...8..##


You could see an orc (poisoned).

Vanquished Creatures
  2 dart slugs (D:1)
  2 orcs (D:2)
  A ball python (D:1)
  2 bats (D:1)
  3 endoplasms (D:1)
  A giant cockroach (D:1)
  3 hobgoblins (D:1)
  2 quokkas (D:1)
  4 frilled lizards (D:1)
  5 goblins (D:1)
  A kobold (D:1)
  7 rats (D:1)
33 creatures vanquished.

Notes
Turn   | Place    | Note
-------+----------+-------------------------------------------
     0 | D:1      | BubbleThief the Naga Venom Mage began the quest for the
                  | Orb.
     0 | D:1      | Reached XP level 1. HP: 15/15 MP: 3/3
   145 | D:1      | Reached XP level 2. HP: 22/22 MP: 5/5
   437 | D:1      | Reached skill level 5 in Poison Magic
   566 | D:1      | Reached XP level 3. HP: 28/28 MP: 4/6
   671 | D:1      | Learned a level 3 spell: Mephitic Cloud
   917 | D:2      | Slain by an orc

Illustrated notes

Levels and vault maps discovered:
D:1:      dpeg_arrival_ratfight, layout_basic, minmay_cut_off
D:2:      cheibrodos_pilgrimage, layout_basic, serial_shops, nicolae_shop_stone,
          nicolae_lakefront_shop, nicolae_diamond_shop, shop, shop, uniq_robin

Skill      XL: |  1  2 |
---------------+-------+-----
Poison Magic   | 5 |  5.4
Dodging        | |  1.5
Stealth        | |  3.0
Spellcasting   | |  2.5
Transmutations | |  1.0

Action                     || total
---------------------------++-------
  Melee: Unarmed           ||     2
         Dagger            ||    10
   Cast: Sting             ||    32
Ability: Spit Poison       ||    27
 Armour: Robe              ||     2
  Dodge: Dodged            ||    13

Table legend: (Time is in decaauts)
 A = Elapsed time spent in this place.
 B = Non-inter-level travel time spent in this place.
 C = Inter-level travel time spent in this place.
 D = Time resting spent in this place.
 E = Time spent auto-exploring this place.
 F = Levels seen in this place.
 G = Mean time per level.
                   A        B        C        D        E       F      G
               +--------+--------+--------+--------+--------+-----+--------+
         Total |   1137 |   1077 |     60 |      0 |    873 |   2 |  568.5 |
       Dungeon |   1137 |   1077 |     60 |      0 |    873 |   2 |  568.5 |
               +--------+--------+--------+--------+--------+-----+--------+

Top non-repeatable levels by time:
     D:1: 1101 daAuts
     D:2: 36 daAuts
